 Dungeon Crawl Stone Soup version 0.32-a0-859-gb0a091d592 (webtiles) character file.

Game seed: 503500750895067315

1641772 KennySheep the Executioner (level 27, 226/228 HPs)
             Began as a Coglin Hunter on Mar 1, 2024.
             Was the Champion of Yredelemnul.
             Escaped with the Orb
             ... and 3 runes on Mar 27, 2024!
             The game lasted 04:42:20 (72000 turns).

KennySheep the Executioner (Coglin Hunter)         Turns: 72000, Time: 04:42:20

Health: 226/228    AC: 54    Str: 20    XL:     27
Magic:  11/11      EV: 13    Int: 13    God:    Yredelemnul [******]
Gold:   9022       SH:  0    Dex: 26    Spells: 26/26 levels left

rFire   + + .        H - +1 war axe of the Hurting Gods {antimagic, rElec rN+}
rCold   + + +        L - +9 broad axe (freeze) {Li}
rNeg    + . .        k - +14 crystal plate armour {rC+}
rPois   +            C - -1 helmet "Eguotel" {Rampage rPois Regen+ Int+3}
rElec   +            r - +0 cloak of the Sneaky Loafs {rF+ rC++ Int+2}
rCorr   .            a - +2 pair of gloves
SInv    .            d - +2 pair of boots {Stlth+}
Will    +++..        (amulet unavailable) Stlth
                     (ring unavailable)
HPRegen 1.38/turn    (ring unavailable)
MPRegen 0.12/turn    P - recursive core {rF+ Will+ Clar RMsl}

%: repel missiles, clarity, rampage
@: wreathed by umbra, studying 2 skills, revving
A: off-hand wielding, slow wielding, warmup strikes, no jewellery, agile 1,
deterioration 2
0: Orb of Zot
}: 3/15 runes: decaying, silver, gossamer
a: Renounce Religion, Light the Black Torch, Recall Undead Harvest, Hurl
Torchlight, Bind Soul, Fathomless Shackles


You escaped.
You worshipped Yredelemnul.
Yredelemnul was most pleased with you.
You visited 10 branches of the dungeon, and saw 50 of its levels.
You visited the Abyss 1 time.
You visited 1 bazaar.
You also visited: Bailey and Ice Cave.

You collected 10122 gold pieces.
You spent 1100 gold pieces at shops.

Inventory:

Hand Weapons
 H - the +1 war axe of the Hurting Gods (weapon) {antimagic, rElec rN+}
   (You found it on level 7 of the Dungeon)

   rElec:     It insulates you from electricity.
   rN+:       It protects you from negative energy.
 L - a +9 broad axe of freezing (offhand) {Li}
Missiles
 U - 2 throwing nets
Armour
 a - a +2 pair of gloves (worn)
 d - a +2 pair of boots of stealth (worn)
 k - a +14 crystal plate armour of cold resistance (worn)
 r - the +0 cloak of the Sneaky Loafs (worn) {rF+ rC++ Int+2}
   (You found it on level 2 of the Spider Nest)

   Int+2:     It affects your intelligence (+2).
   rF+:       It protects you from fire.
   rC++:      It greatly protects you from cold.
 C - the -1 helmet "Eguotel" (worn) {Rampage rPois Regen+ Int+3}
   (You acquired it on level 4 of the Swamp)

   Int+3:     It affects your intelligence (+3).
   rPois:     It protects you from poison.
   Regen+:    It increases your rate of health regeneration.
   Rampage:   It bestows one free step when moving towards enemies.
Gizmo
 P - a recursive core (installed) {rF+ Will+ Clar RMsl}
   (You invented it yourself on level 14 of the Dungeon)

   [recursive core]

   rF+:       It protects you from fire.
   Will+:     It increases your willpower.
   Clar:      It protects you from confusion, rage, mesmerisation and fear.
   RMsl:      It protects you from missiles.
Wands
 p - a wand of flame (86)
 s - a wand of paralysis (23)
 I - a wand of digging (36)
 K - a wand of warping (43)
 N - a wand of mindburst (14)
 V - a wand of quicksilver (4)
 X - a wand of polymorph (8)
Scrolls
 e - 3 scrolls of torment
 i - 4 scrolls of silence
 j - 2 scrolls of fear
 m - 7 scrolls of noise
 q - 28 scrolls of identify
 v - 23 scrolls of teleportation
 w - 2 scrolls of blinking
 x - a scroll of enchant weapon
 A - 11 scrolls of immolation
 D - 13 scrolls of fog
 M - 7 scrolls of revelation
 R - 5 scrolls of vulnerability
 S - 5 scrolls of poison
 Y - 2 scrolls of brand weapon
 Z - a scroll of amnesia
Potions
 b - 3 potions of lignification
 f - 7 potions of haste
 g - 8 potions of brilliance
 h - 9 potions of enlightenment
 l - 4 potions of invisibility
 o - 19 potions of curing
 t - 4 potions of cancellation
 z - 2 potions of attraction
 E - 9 potions of ambrosia
 F - 3 potions of heal wounds
 J - 4 potions of resistance
 O - 4 potions of might
 Q - 6 potions of mutation
 T - 4 potions of berserk rage
 W - 5 potions of magic
Miscellaneous
 c - a phantom mirror
 n - a lightning rod (4/4)
 u - a box of beasts
 y - a phial of floods
 G - a condenser vane


   Skills:
 + Level 21.1 Fighting
 + Level 25.0 Axes
 - Level 4.8 Ranged Weapons
 * Level 23.5 Armour
 + Level 15.6 Dodging
 - Level 3.1 Stealth
 + Level 17.4 Invocations
 + Level 9.3 Evocations


You had 26 spell levels left.
You didn't know any spells.
Your spell library contained the following spells:

 Spells                   Type           Power      Damage    Failure   Level
 Apportation              Tloc           0%         N/A       99%         1
 Foxfire                  Conj/Fire      0%         2x1d4     99%         1
 Magic Dart               Conj           0%         1d3       99%         1
 Necrotise                Necr           0%         1d4       99%         1
 Sandblast                Erth           0%         2d4       99%         1
 Shock                    Conj/Air       0%         1d3       99%         1
 Sting                    Conj/Alch      0%         1d3       99%         1
 Call Imp                 Summ           0%         N/A       100%        2
 Ensorcelled Hibernation  Hex/Ice        0%         N/A       100%        2
 Jinxbite                 Hex            0%         N/A       100%        2
 Lesser Beckoning         Tloc           0%         N/A       100%        2
 Mercury Vapours          Alch/Air       0%         N/A       100%        2
 Scorch                   Fire           0%         2d5       100%        2
 Searing Ray              Conj           0%         2d4       100%        2
 Sublimation of Blood     Necr           0%         N/A       100%        2
 Call Canine Familiar     Summ           0%         N/A       100%        3
 Dazzling Flash           Conj/Hex       0%         N/A       100%        3
 Frozen Ramparts          Ice            0%         1d1       100%        3
 Fugue of the Fallen      Necr           0%         N/A       100%        3
 Gell's Gravitas          Tloc           0%         3d6       100%        3
 Inner Flame              Hex/Fire       0%         N/A       100%        3
 Mephitic Cloud           Conj/Alch/Air  0%         N/A       100%        3
 Ozocubu's Armour         Ice            0%         N/A       100%        3
 Passwall                 Erth           0%         N/A       100%        3
 Sigil of Binding         Hex            0%         N/A       100%        3
 Stone Arrow              Conj/Erth      0%         3d7       100%        3
 Summon Ice Beast         Ice/Summ       0%         N/A       100%        3
 Swiftness                Air            0%         N/A       100%        3
 Teleport Other           Tloc           0%         N/A       100%        3
 Tukima's Dance           Hex            0%         N/A       100%        3
 Vampiric Draining        Necr           0%         2d6       100%        3
 Volatile Blastmotes      Fire/Tloc      0%         2d10      100%        3
 Airstrike                Air            0%         2d(0-16)  100%        4
 Anguish                  Hex/Necr       0%         N/A       100%        4
 Animate Armour           Summ/Erth      0%         N/A       100%        4
 Brom's Barrelling Bould  Conj/Erth      0%         2d3       100%        4
 Cause Fear               Hex            0%         N/A       100%        4
 Dimensional Bullseye     Hex/Tloc       0%         N/A       100%        4
 Flame Wave               Conj/Fire      0%         2d4       100%        4
 Fulminant Prism          Conj/Alch      0%         3d5       100%        4
 Ignite Poison            Fire/Alch      0%         N/A       100%        4
 Iskenderun's Mystic Bla Conj/Tloc 0%             2d3        (+2d1     100%        4
 Leda's Liquefaction      Alch/Erth      0%         N/A       100%        4
 Martyr's Knell           Necr/Summ      0%         N/A       100%        4
 Olgreb's Toxic Radiance  Alch           0%         N/A       100%        4
 Passage of Golubria      Tloc           0%         N/A       100%        4
 Petrify                  Alch/Erth      0%         N/A       100%        4
 Sticky Flame             Fire/Alch      0%         2d4       100%        4
 Summon Blazeheart Golem  Fire/Summ      0%         N/A       100%        4
 Summon Lightning Spire   Summ/Air       0%         N/A       100%        4
 Alistair's Intoxication  Alch           0%         N/A       100%        5
 Borgnjor's Vile Clutch   Necr/Erth      0%         N/A       100%        5
 Curse of Agony           Necr           0%         N/A       100%        5
 Fireball                 Conj/Fire      0%         3d3       100%        5
 Irradiate                Conj/Alch      0%         3d11      100%        5
 Lee's Rapid Deconstruct  Erth           0%         3d4*      100%        5
 Metabolic Englaciation   Hex/Ice        0%         N/A       100%        5
 Silence                  Hex/Air        0%         N/A       100%        5
 Summon Forest            Summ/Tloc      0%         N/A       100%        5
 Summon Mana Viper        Hex/Summ       0%         N/A       100%        5
 Yara's Violent Unravell  Hex/Alch       0%         3d3       100%        5
 Bombard                  Conj/Erth      0%         9d1       100%        6
 Eringya's Noxious Bog    Alch           0%         4d6       100%        6
 Plasma Beam              Fire/Air       0%         2x1d10    100%        6
 Sculpt Simulacrum        Ice/Alch       0%         N/A       100%        6
 Starburst                Conj/Fire      0%         6d3       100%        6
 Summon Cactus Giant      Summ           0%         N/A       100%        6
 Enfeeble                 Hex            0%         N/A       100%        7
 Haunt                    Necr/Summ      0%         N/A       100%        7
 Malign Gateway           Summ/Tloc      0%         N/A       100%        7
 Manifold Assault         Tloc           0%         N/A       100%        7
 Monstrous Menagerie      Summ           0%         N/A       100%        7
 Orb of Destruction       Conj           0%         9d5       100%        7
 Ozocubu's Refrigeration  Ice            0%         4d7       100%        7
 Spellforged Servitor     Conj/Summ      0%         N/A       100%        7
 Summon Hydra             Summ           0%         N/A       100%        7
 Lehudib's Crystal Spear  Conj/Erth      0%         10d2      100%        8
 Chain Lightning          Conj/Air       0%         N/A       100%        9
 Death's Door             Necr           0%         N/A       100%        9
 Dragon's Call            Summ           0%         N/A       100%        9
 Fire Storm               Conj/Fire      0%         5d1       100%        9
 Polar Vortex             Ice            0%         N/A       100%        9
 Shatter                  Erth           0%         3d5*      100%        9
 Animate Dead             Necr           Unusable   N/A       N/A         4
 Death Channel            Necr           Unusable   N/A       N/A         6

Dungeon Overview and Level Annotations

Branches:
Dungeon (15/15)            Temple (0/1) D:5            Lair (5/5) D:10
  Swamp (4/4) Lair:3       Spider (4/4) Lair:2        Slime (0/5) Lair:5
    Orc (2/2) D:10            Elf (3/3) Orc:2        Vaults (5/5) D:14
  Crypt (3/3) Vaults:3       Tomb (0/3) Crypt:3      Depths (4/4) D:15
    Zot (5/5) Depths:4     Bailey (visited)           IceCv (visited)

Altars:
Dithmenos
Elyvilon
Fedhas
Gozag
Kikubaaqudgha
Okawaru
Qazlal
Sif Muna
Uskayaw
Wu Jian
Xom
Yredelemnul
The Shining One
Beogh
Jiyva
Lugonu

Shops:
D:3 [   D:8 (   Orc:2 ((=*[[:?   Elf:1 *   Vaults:4 (   Depths:1 *(

Portals:
Hell: Depths:1 Depths:2 Depths:3 Depths:4
Abyss: Depths:3 Depths:4
Pandemonium: Depths:1 Depths:2
Ziggurat: Depths:2

Annotations:
D:4 3 runed translucent doors, IdlyInterested's ghost, amateur DsFi; SageDae's ghost, amateur MDFi; Videorelaxant888's ghost, amateur TrBe; xianbchi's ghost, amateur DsCj
D:5 3 runed translucent doors, nikkithebee's ghost, novice MfSh
D:9 exclusion: obsidian statue
D:15 2 transporters
Lair:5 1 runed translucent door
Elf:2 3 runed translucent doors
Depths:4 3 runed translucent doors, exclusion: obsidian statue, Mafezacs's ghost, veteran DsAl
Zot:3 4 transporters


Innate Abilities, Weirdness & Mutations

You can wield a second weapon in your off-hand.
It takes a long time for you to wield or remove held weapons.
Your first few attacks do less damage.
You cannot equip rings or amulets.
You are agile. (Dex +4, Str/Int -1)
Your body often deteriorates upon taking damage.


Message History

You kill the hellwing!
With your torch unlit, their soul goes wasted...
You slice the smoke demon with your +9 broad axe of freezing!!
You freeze the smoke demon.
You kill the smoke demon!
With your torch unlit, their soul goes wasted...
A black mist starts to gather...
You swap places.
A hell beast comes into view.
Your spectral smoke demon hits the hell beast but does no damage. x2
Your spectral smoke demon hits the hell beast.
Something bites your spectral hellwing but does no damage.
Something tramples your spectral hellwing.
Your spectral hellwing holds its ground!
Your spectral smoke demon closely misses the hell beast.
Your spectral smoke demon misses the hell beast.
Your spectral smoke demon hits the hell beast but does no damage.
The hell beast bites your spectral hellwing.
The hell beast tramples your spectral hellwing but does no damage.
Your spectral hellwing completely misses the hell beast.
Your spectral hellwing hits the hell beast.
Your spectral smoke demon hits the hell beast but does no damage.
Your spectral smoke demon closely misses the hell beast.
Your spectral smoke demon misses the hell beast. x2
Your spectral smoke demon barely misses the hell beast.
Your spectral smoke demon hits the hell beast but does no damage.
The hell beast bites your spectral hellwing.
The hell beast tramples your spectral hellwing but does no damage.
A blizzard demon comes into view.
There is a staircase leading out of the dungeon here.
Your spectral hellwing hits the hell beast!
Your spectral hellwing completely misses the hell beast.
The hell beast bites your spectral hellwing.
The hell beast tramples your spectral hellwing but does no damage.
Your spectral smoke demon hits the hell beast.
Your spectral smoke demon hits the hell beast but does no damage. x2
Your spectral smoke demon hits the hell beast.
Your spectral smoke demon hits the hell beast but does no damage.
Your spectral smoke demon completely misses the hell beast.
You have escaped!

#............##
############## #
##### ##### #####
#### # #..^# #...#
#...# #... # #.>.#
#...# #.⌠.# #.##
###...###...###...#
#####.##
.................2#
#...†...
................@.#
### #.###.##
...........ZZ.....#
#.####.# #...
###...###.Z2###...#
#......# #### #
#.>.# #...# #.⌠.#
#.###### #. # #...#
#...# #...# ### ##
# ##### ##### #####
# # ### ##### # #.#
##...## #


You could see a hell beast (distracted, ally target), a blizzard demon, a
friendly spectral hellwing and 2 friendly spectral smoke demons.

Vanquished Creatures
  4 dread liches
  An ancient lich (Zot:5)
  Mennas (Vaults:4)
  Mara (Swamp:4)
  Boris (thrice) (Vaults:1 Vaults:4 Depths:2)
  Bai Suzhen (Elf:3)
  Vv (Zot:3)
  A caustic shrike (Depths:4)
  8 golden dragons
  the Enchantress (Depths:1)
  An electric golem (Zot:5)
  A shard shrike zombie (Crypt:2)
  11 tentacled monstrosities
  15 Orb Guardians
  3 Ice Fiends
  6 liches
  Mlioglotl (Swamp:3)
  A deep elf master archer (Elf:3)
  3 titans (Vaults:5)
  7 quicksilver dragons
  An Executioner (D:14)
  7 sphinxes
  2 ancient champions
  8 death cobs
  2 thorn hunters
  8 shadow dragons
  The ghost of Kevimi the Acrobat, an adept FeNe of Sif Muna (Vaults:1)
  4 tengu reavers
  Donald (Crypt:1)
  6 fire giants
  11 storm dragons
  4 draconian monks
  A revenant (Crypt:1)
  2 draconian knights
  10 deep elf sorcerers
  3 emperor scorpions (Spider:4)
  Louise (Swamp:3)
  6 ghost moths
  4 frost giants
  4 draconian scorchers
  2 balrugs
  3 iron dragons
  2 draconian shifters
  3 orc warlords
  A juggernaut zombie (Crypt:3)
  2 deep elf elementalists (Elf:3)
  A caustic shrike zombie (Crypt:3)
  4 reapers
  11 vault wardens
  6 ghouls
  12 ironbound preservers
  8 draconian annihilators
  3 draconian stormcallers
  A caustic shrike skeleton (Crypt:3)
  17 very ugly things
  3 spriggan defenders
  8 stone giants
  9 deep elf death magi
  3 formless jellyfish
  3 ironbound thunderhulks
  3 deep elf demonologists
  7 deep elf annihilators
  7 vampire knights
  11 red draconians
  5 green draconians
  10 black draconians
  4 eleionomae
  A lorocyproca (Depths:2)
  9 white draconians
  13 dire elephants (Vaults:2)
  3 bunyips
  4 spark wasps
  4 war gargoyles
  3 yellow draconians
  13 purple draconians
  9 ettins
  13 eidola
  9 fire dragons
  2 entropy weavers
  A blizzard demon (Depths:3)
  6 jiangshi
  A quicksilver dragon zombie (Crypt:3)
  A mummy priest (Crypt:3)
  The ghost of adelrune the Skirmisher, a journeyman CoHs of Hepliaklqana (D:10)
  A crystal guardian (Vaults:2)
  7 deep elf high priests
  13 yaktaur captains
  7 ice dragons
  2 rakshasas (D:15)
  2 great orbs of eyes (Vaults:3)
  A fenstrider witch zombie (Crypt:3)
  A caustic shrike simulacrum (IceCv)
  8 alligators
  The ghost of Sirjeffry24 the Martial Artist, a journeyman DsFi of Yredelemnul (D:11)
  A hell beast (Depths:2)
  7 ogre magi
  3 hydras
  Harold (Lair:1)
  2 radroaches
  3 ghost crabs
  3 ironbound frosthearts
  3 peacekeepers
  A catoblepas (D:13)
  3 spriggan air magi
  29 vault guards
  3 death knights (Crypt:1)
  16 centaur warriors
  3 boulder beetles
  5 death yaks
  A two-headed ogre (shapeshifter) (Depths:3)
  4 vampire magi
  20 two-headed ogres
  8 dancing weapons
  A demonic crawler (Spider:3)
  7 spriggan berserkers
  15 tengu warriors
  2 deep troll shamans
  3 hell hogs
  4 deep troll earth magi
  2 orc high priests
  7 hell knights
  15 deep elf knights
  Sonja (Lair:1)
  Amaemon (Lair:1)
  A sun demon (Depths:1)
  9 soul eaters
  35 deep trolls
  An iron giant zombie (Crypt:3)
  2 flayed ghosts
  8 iron trolls
  7 orb spiders
  A sixfirhy (Depths:2)
  A death drake (Depths:4)
  A goliath frog (Swamp:1)
  A titan skeleton (Crypt:3)
  A shadow wraith (Vaults:3)
  2 spriggan druids
  8 arcanists
  A pharaoh ant (Spider:3)
  2 spark wasp zombies
  A quicksilver dragon simulacrum (Depths:3)
  A bunyip zombie (Crypt:3)
  An orange crystal statue (IceCv)
  A glowing orange brain (Depths:3)
  3 swamp dragons (Swamp:4)
  An anaconda zombie (Crypt:3)
  A spriggan rider (Depths:3)
  9 skeletal warriors
  14 deep elf archers
  10 bog bodies
  4 spriggan simulacra (IceCv)
  A naga ritualist (Depths:1)
  16 ironbound convokers
  15 orc knights
  A shock serpent (shapeshifter) (Vaults:5)
  5 thermic dynamos
  3 sun moths
  19 necromancers
  An obsidian statue (IceCv)
  5 lindwurms
  25 deep elf pyromancers
  9 phantasmal warriors
  A bunyip skeleton (Crypt:1)
  4 steelbarb worms
  17 deep elf zephyrmancers
  14 wolf spiders
  An iron dragon zombie (Depths:2)
  3 human zombies
  30 ugly things
  A wolf spider zombie (D:15)
  4 orc sorcerers
  3 manticores
  5 will-o-the-wisps
  A black mamba (shapeshifter) (Orc:2)
  An iron dragon skeleton (Crypt:3)
  A jorogumo skeleton (Crypt:2)
  5 elephants
  An elf zombie (Vaults:2)
  2 fire giant skeletons
  2 dire elephant zombies (Crypt:3)
  18 moths of wrath
  3 black mambas
  An alligator snapping turtle zombie (Crypt:3)
  An ice statue (D:9)
  A naga mage (Depths:1)
  9 vault sentinels
  A kobold blastminer (Orc:1)
  4 smoke demons
  11 cane toads
  4 centaur skeletons
  Jeremiah (D:7)
  A white draconian zombie (Crypt:2)
  3 torpor snails
  A minotaur zombie (Crypt:2)
  36 yaktaurs
  A kobold demonologist (D:11)
  A rime drake (Lair:3)
  2 gargoyles
  6 ice devils
  9 komodo dragons
  4 spriggan zombies
  14 freezing wraiths
  An alligator snapping turtle skeleton (Crypt:3)
  2 anaconda simulacra (IceCv)
  An efreet (D:14)
  7 tengu conjurers
  A minotaur skeleton (Crypt:1)
  A dire elephant skeleton (Crypt:3)
  2 harpy zombies (Crypt:3)
  8 trolls
  15 hornets
  2 wolf spider simulacra (D:15)
  6 polar bears
  A death drake zombie (Crypt:2)
  15 hellwings
  A polar bear (shapeshifter) (D:14)
  A bloated husk (Swamp:2)
  3 tyrant leeches
  17 tarantellas
  A tarantella (shapeshifter) (Elf:3)
  A tengu simulacrum (Depths:2)
  A harpy skeleton (Crypt:3)
  12 blink frogs
  A hydra skeleton (Crypt:3)
  A dream sheep (Lair:5)
  2 ettin skeletons
  14 jumping spiders
  An air elemental (Elf:2)
  A guardian serpent zombie (Crypt:1)
  38 slime creatures
  20 spriggans
  3 shadows
  3 vampires
  9 wraiths
  22 culicivoras
  A naga simulacrum (Crypt:1)
  A merfolk skeleton (Crypt:3)
  5 wyverns
  A water elemental (Depths:4)
  A human (shapeshifter) (Elf:1)
  2 wargs
  27 yaks
  An ushabti (Crypt:3)
  A basilisk (shapeshifter) (Elf:1)
  4 basilisks
  2 black mamba skeletons (Crypt:3)
  17 humans (D:14)
  A golden eye (D:14)
  A steam dragon (Lair:1)
  A redback (shapeshifter) (Vaults:5)
  A minotaur simulacrum (IceCv)
  A golden eye (shapeshifter) (Elf:1)
  30 redbacks
  7 fire elementals
  2 neqoxecs (D:11)
  An elf skeleton (Vaults:2)
  A harpy simulacrum (IceCv)
  10 swamp worms
  3 vampire mosquitoes
  A naga zombie (Crypt:3)
  4 acid dragons
  A merfolk zombie (Crypt:1)
  A hydra simulacrum (IceCv)
  A swamp worm (shapeshifter) (Depths:2)
  5 swamp drakes
  13 water moccasins
  A glowing shapeshifter skeleton (Depths:2)
  Duvessa (D:6)
  2 cane toad skeletons
  An ice beast (D:7)
  16 orc warriors
  A sky beast (D:7)
  An elf simulacrum (Vaults:2)
  5 black bears
  2 ettin simulacra (Depths:3)
  4 boggarts
  17 laughing skulls
  23 ogres
  22 wolves
  17 centaurs
  2 phantoms (D:6)
  2 kobold brigands
  A brain worm (shapeshifter) (D:14)
  8 bullfrogs
  3 scorpions
  An earth elemental (Elf:2)
  11 wights (D:8)
  6 wyvern skeletons (Crypt:3)
  8 killer bees
  A raiju zombie (Crypt:1)
  Dowan (D:6)
  2 howler monkeys
  A yak skeleton (Crypt:2)
  3 electric eels
  3 quasits
  A hound (shapeshifter) (Vaults:5)
  A bullfrog zombie (Crypt:1)
  19 orc priests
  2 hounds
  4 iguanas
  2 sleepcaps (D:6)
  A gnoll bouda (D:6)
  Natasha (twice) (D:4)
  20 orc wizards
  3 hell rats (Lair:3)
  2 mummies (Crypt:3)
  6 gnolls
  8 adders
  3 shadow imps
  A lava snake skeleton (Crypt:2)
  6 dart slugs
  A ribbon worm (D:3)
  49 orcs
  4 ball pythons
  3 endoplasms (D:1)
  5 giant cockroaches
  14 goblins
  8 hobgoblins
  7 jackals
  A river rat zombie (Crypt:1)
  3 bats (D:1)
  3 frilled lizards
  13 kobolds
  A kobold skeleton (Crypt:1)
  5 rats
  2 fire vortices (Depths:2)
  A spectral weapon (Depths:3)
1800 creatures vanquished.

Vanquished Creatures (collateral kills)
  An ancient lich (Zot:5)
  An orb of fire (Zot:5)
  3 Killer Klowns
  A golden dragon (Zot:5)
  Nikola (Swamp:3)
  The ghost of Okut Hesm the Bludgeoner, an adept OnWr of the Shining One (Swamp:4)
  Zenata (Elf:2)
  12 tentacled monstrosities
  6 Orb Guardians (Zot:5)
  A lich (Depths:2)
  A walking frostbound tome (Depths:4)
  A deep elf master archer (Elf:3)
  4 death cobs
  2 tengu reavers
  A thorn hunter (Swamp:4)
  3 storm dragons
  2 draconian knights (Zot:5)
  3 shadow dragons
  A fire giant (Depths:3)
  A deep elf sorcerer (Elf:3)
  A deep elf elementalist (Elf:3)
  An iron dragon (Depths:3)
  3 draconian shifters (Zot:4)
  A vault warden (Vaults:3)
  A ghost moth (Zot:1)
  An orc warlord (Vaults:1)
  4 ironbound preservers
  3 spriggan defenders
  6 very ugly things
  5 draconian annihilators
  A draconian stormcaller (Zot:3)
  A deep elf demonologist (Elf:3)
  A juggernaut skeleton (Crypt:1)
  2 formless jellyfish
  2 deep elf death magi (Vaults:5)
  An ironbound thunderhulk (Vaults:1)
  A black draconian (Zot:4)
  6 green draconians
  A vampire knight (Depths:1)
  2 yellow draconians (Zot:4)
  5 red draconians
  4 deep elf annihilators
  2 bunyips (Swamp:4)
  5 white draconians
  2 dire elephants (Vaults:2)
  An eleionoma (Swamp:1)
  4 purple draconians
  2 spark wasps (Depths:3)
  3 war gargoyles
  2 ettins
  A merfolk impaler (Depths:4)
  A yaktaur captain (Vaults:1)
  A vault guard (Vaults:5)
  3 deep elf high priests
  3 fire dragons
  Erolcha (Orc:1)
  A great orb of eyes (Vaults:2)
  A ghost crab (Swamp:3)
  2 peacekeepers
  A catoblepas (Lair:1)
  8 hydras
  A spriggan air mage (Depths:3)
  2 ice dragons
  A centaur warrior (D:14)
  2 radroaches
  6 two-headed ogres
  Erica (D:10)
  An ogre mage (D:15)
  2 ironbound frosthearts (Vaults:3)
  2 death yaks
  A death knight (Crypt:1)
  5 dancing weapons
  A two-headed ogre (shapeshifter) (Depths:3)
  2 deep troll shamans
  3 boulder beetles
  7 tengu warriors
  2 hell hogs (Depths:3)
  A deep troll earth mage (Depths:4)
  A demonic crawler (Spider:1)
  7 spriggan berserkers
  2 hell knights (Depths:4)
  8 deep elf knights
  3 sun demons (Depths:3)
  A soul eater (Depths:3)
  A skyshark (Lair:5)
  A skeletal warrior (Depths:3)
  A pharaoh ant (Lair:2)
  4 iron trolls (Depths:3)
  A goliath frog (Swamp:2)
  7 orb spiders
  4 deep trolls
  A quicksilver dragon simulacrum (Depths:3)
  A spriggan simulacrum (IceCv)
  A glowing orange brain (Depths:3)
  A bog body (IceCv)
  6 swamp dragons
  2 sun moths
  2 arcanists (Vaults:4)
  2 thermic dynamos (Elf:3)
  3 phantasmal warriors
  2 ironbound convokers
  An iron dragon zombie (Depths:3)
  A necromancer (Crypt:3)
  2 deep elf archers
  6 orc knights
  8 wolf spiders
  8 deep elf pyromancers
  3 deep elf zephyrmancers
  5 ugly things
  2 manticores
  A cyclops (D:13)
  6 moths of wrath
  A kobold blastminer (Orc:1)
  A will-o-the-wisp (Swamp:4)
  A centaur zombie (D:15)
  An ice statue (Depths:3)
  8 elephants
  An elephant (shapeshifter) (Vaults:5)
  A vault sentinel (Vaults:1)
  An orange demon (Lair:1)
  A rime drake (Lair:3)
  6 komodo dragons
  2 freezing wraiths (IceCv)
  8 yaktaurs
  An ice devil (IceCv)
  A tengu conjurer (Depths:4)
  4 blink frogs
  A tyrant leech (Swamp:4)
  5 tarantellas
  12 hornets
  A polar bear (Lair:5)
  A spriggan zombie (Depths:3)
  A jumping spider zombie (Spider:1)
  5 slime creatures
  A snapping turtle (shapeshifter) (Depths:3)
  14 jumping spiders
  A dire elephant simulacrum (IceCv)
  A water elemental (Depths:4)
  An air elemental (Elf:2)
  6 culicivoras
  10 spriggans
  A wraith (Vaults:3)
  2 golden eyes (D:14)
  8 yaks
  7 redbacks
  A human (D:14)
  A vampire mosquito (Lair:3)
  A fire elemental (Elf:1)
  A warg (Orc:1)
  2 minotaur simulacra (IceCv)
  A naga zombie (Crypt:1)
  A naga (shapeshifter) (Elf:3)
  2 acid dragons
  A harpy simulacrum (IceCv)
  A swamp worm (Swamp:1)
  2 water moccasins
  A glowing shapeshifter skeleton (Vaults:3)
  5 swamp drakes
  2 orc warriors (Orc:2)
  2 laughing skulls (Crypt:1)
  2 ettin simulacra (Depths:3)
  A small abomination (Abyss:3)
  2 ogres
  9 wolves
  4 centaurs
  2 bullfrogs
  A scorpion (Lair:2)
  A wyvern skeleton (Crypt:3)
  A killer bee (D:11)
  3 orc priests
  A hell rat (Lair:3)
  Natasha (D:4)
  5 orc wizards
  A gnoll (D:5)
  5 orcs
468 creatures vanquished.

Vanquished Creatures (others)
  A spectral hydra (Depths:1)
  A spectral orc (Vaults:2)
  A spectral tengu (Elf:3)
  A caustic shrike zombie (Depths:4)
  6 spectral tentacled monstrosities
  A Killer Klown zombie (Zot:2)
  6 very ugly thing zombies
  A quicksilver dragon zombie (Zot:3)
  A spectral rakshasa (Swamp:4)
  A vault guard (Vaults:5)
  2 hydras (Swamp:4)
  3 Orb Guardian zombies (Zot:5)
  A spectral elf (Vaults:5)
  An emperor scorpion zombie (Spider:4)
  6 storm dragon zombies
  2 bunyip zombies (Swamp:4)
  A golden dragon zombie (Zot:5)
  5 shadow dragon zombies
  A swamp dragon (Swamp:4)
  An ironbound convoker (Vaults:4)
  5 ugly thing zombies
  2 wolf spider zombies
  An alligator zombie (Swamp:4)
  2 eleionoma zombies
  A deep elf pyromancer (Elf:3)
  A deep elf zephyrmancer (Elf:3)
  5 draconian zombies
  An iron dragon zombie (Vaults:5)
  A stone giant zombie (Vaults:5)
  2 fire giant zombies
  A dire elephant zombie (Vaults:2)
  A spectral sun demon (Depths:3)
  A spectral soul eater (Depths:1)
  A formless jellyfish zombie (Vaults:4)
  4 purple draconian zombies
  3 white draconian zombies
  A catoblepas zombie (D:13)
  4 red draconian zombies
  2 black draconian zombies
  6 swamp worm zombies
  A death yak zombie (Lair:2)
  5 redback zombies
  4 iron troll zombies
  4 hydra zombies
  A death drake zombie (Depths:4)
  A demonic crawler zombie (Spider:3)
  2 bloated husks
  7 moth of wrath zombies
  2 jumping spider zombies
  2 tarantella zombies (Spider:4)
  3 ice dragon zombies
  4 culicivora zombies
  3 ettin zombies
  4 fire dragon zombies
  A water elemental (Depths:4)
  A culicivora (Spider:1)
  A spectral hell beast (Depths:2)
  A spectral orange demon (Lair:1)
  4 spectral ice devils (IceCv)
  4 slime creature zombies
  3 tyrant leech zombies
  A vampire mosquito (Swamp:3)
  A skyshark zombie (Lair:5)
  10 deep troll zombies
  7 two-headed ogre zombies
  A small abomination (Depths:2)
  9 tengu zombies
  5 hornet zombies
  A spectral smoke demon (Depths:1)
  3 elephant zombies (Lair:5)
  28 elf zombies
  4 swamp dragon zombies
  A dream sheep zombie (Lair:5)
  2 lindwurm zombies (Vaults:1)
  6 blink frog zombies (Lair:5)
  An ettin simulacrum (Depths:3)
  A manticore zombie (D:15)
  A torpor snail zombie (Spider:3)
  A komodo dragon zombie (Lair:5)
  18 yaktaur zombies
  A wyvern zombie (Lair:2)
  2 water moccasin zombies (Lair:5)
  2 troll zombies
  6 yak zombies
  15 spriggan zombies
  10 wolf zombies
  A basilisk zombie (Lair:5)
  2 black bear zombies
  13 centaur zombies
  2 kobold zombies
  4 bullfrog zombies
  26 human zombies
  A boggart zombie (Lair:5)
  2 killer bee zombies
  An acid dragon zombie (D:8)
  A naga zombie (Elf:3)
  A brain worm zombie (D:14)
  6 ogre zombies
  A howler monkey zombie (D:13)
  6 swamp drake zombies
  A steam dragon zombie (Lair:1)
  A ball python zombie (D:4)
  A goblin zombie (D:4)
  3 jackal zombies (D:5)
  42 orc zombies
  A fire vortex (Depths:2)
  61 foxfires
460 creatures vanquished.

Grand Total: 2728 creatures vanquished

Notes
Turn   | Place    | Note
-------+----------+-------------------------------------------
     0 | D:1      | KennySheep the Coglin Hunter began the quest for the Orb.
     0 | D:1      | Reached XP level 1. HP: 16/16 MP: 1/1
    74 | D:1      | Reached skill level 1 in Stealth
   102 | D:1      | Reached XP level 2. HP: 22/22 MP: 2/2
   645 | D:1      | Reached XP level 3. HP: 28/28 MP: 3/3
   983 | D:2      | Identified the +2 ring mail of Inevitability {*Slow rN+
                  | Str+3 Dex+3}
  1187 | D:2      | Found a faded altar of an unknown god.
  1192 | D:2      | Identified the +1 cloak of Optimism {Rampage Int+4}
  1250 | D:2      | Prayed at the altar of an unknown god.
  1250 | D:2      | Became a worshipper of Yredelemnul the Fallen
  1250 | D:2      | Reached * piety under Yredelemnul
  1617 | D:3      | Reached XP level 4. HP: 34/34 MP: 4/4
  1834 | D:3      | Found Onuaczuh's Armour Shop.
  1866 | D:3      | Bought a +1 leather armour of willpower for 168 gold pieces
  2206 | D:4      | Reached XP level 5. HP: 41/41 MP: 5/5
  2281 | D:4      | Noticed Natasha
  2286 | D:4      | Killed Natasha
  2309 | D:4      | Noticed Natasha
  2312 | D:4      | Found a runed translucent gate.
  2312 | D:4      | Found a runed translucent gate.
  2321 | D:4      | Killed Natasha
  2325 | D:4      | Reached XP level 6. HP: 40/47 MP: 6/6
  2378 | D:4      | Noticed Natasha
  2384 | D:4      | Killed Natasha
  2493 | D:4      | Found an ancient bone altar of Kikubaaqudgha.
  2513 | D:4      | Found an iron altar of Okawaru.
  2518 | D:4      | Identified the +4 hand axe of Context {venom, Str+2 Dex+3
                  | Stlth+}
  2580 | D:4      | Found a runed translucent gate.
  2583 | D:4      | Noticed SageDae's ghost (amateur MDFi)
  2583 | D:4      | Noticed IdlyInterested's ghost (amateur DsFi)
  2584 | D:4      | Noticed Videorelaxant888's ghost (amateur TrBe)
  2591 | D:4      | Identified the +11 war axe of Punishment {protect, Dex+4}
  2607 | D:4      | Noticed xianbchi's ghost (amateur DsCj)
  2623 | D:4      | Noticed a black bear
  2631 | D:4      | Killed a black bear
  2855 | D:5      | Entered Level 5 of the Dungeon
  2897 | D:5      | Reached XP level 7. HP: 53/53 MP: 7/7
  2926 | D:5      | Reached skill level 1 in Axes
  2990 | D:5      | Found a staircase to the Ecumenical Temple.
  3048 | D:5      | Reached skill level 2 in Axes
  3083 | D:5      | Identified the ring "Xaahohoe" {Ice Will- Dex+3}
  3211 | D:5      | Noticed a yak
  3213 | D:5      | Noticed a yak
  3214 | D:5      | Noticed a yak
  3214 | D:5      | Noticed a yak
  3215 | D:5      | Noticed a yak
  3215 | D:5      | Noticed a yak
  3219 | D:5      | Killed a yak
  3220 | D:5      | Reached skill level 3 in Axes
  3220 | D:5      | Killed a yak
  3220 | D:5      | Killed a yak
  3221 | D:5      | Reached skill level 5 in Axes
  3221 | D:5      | Reached XP level 8. HP: 47/60 MP: 8/8
  3222 | D:5      | Killed a yak
  3223 | D:5      | Reached skill level 6 in Axes
  3223 | D:5      | Killed a yak
  3224 | D:5      | Reached skill level 7 in Axes
  3226 | D:5      | Killed a yak
  3369 | D:5      | Found a runed translucent gate.
  3370 | D:5      | Found a runed translucent gate.
  3381 | D:5      | Noticed nikkithebee's ghost (novice MfSh)
  3382 | D:5      | Found a runed translucent gate.
  3633 | D:6      | Reached skill level 8 in Axes
  3806 | D:6      | Reached XP level 9. HP: 65/65 MP: 9/9
  3864 | D:6      | Noticed Dowan
  3866 | D:6      | Noticed Duvessa
  3868 | D:6      | Killed Dowan
  3874 | D:6      | Killed Duvessa
  3875 | D:6      | Reached skill level 9 in Axes
  3908 | D:6      | Found a hide-covered altar of Uskayaw.
  3999 | D:6      | Found a shadowy altar of Dithmenos.
  4392 | D:7      | Noticed Jeremiah
  4402 | D:7      | Killed Jeremiah
  4403 | D:7      | Reached skill level 1 in Armour
  4403 | D:7      | Reached skill level 1 in Invocations
  4503 | D:7      | Reached skill level 10 in Axes
  4512 | D:7      | Noticed a manticore
  4512 | D:7      | Noticed a troll
  4518 | D:7      | Killed a manticore
  4519 | D:7      | Reached skill level 5 in Fighting
  4521 | D:7      | Killed a troll
  4522 | D:7      | Reached XP level 10. HP: 55/74 MP: 11/11
  4584 | D:7      | Identified the +9 orcbow of Duty {antimagic, rF+ rCorr
                  | Str-5 Dex+3}
  4584 | D:7      | Identified the +1 ring mail of the Sacrificial Victim {rF+
                  | Will+ Int-5 SInv}
  4628 | D:7      | Identified the amulet "Jebaut" {Spirit rElec rPois Dex-2
                  | SInv}
  4888 | D:7      | Found a runed translucent door.
  4888 | D:7      | Found a runed translucent door.
  4888 | D:7      | Noticed a manticore
  4927 | D:7      | Killed a manticore
  4963 | D:7      | Reached skill level 11 in Axes
  5074 | D:7      | Identified the +1 war axe of the Hurting Gods {antimagic,
                  | rElec rN+}
  5479 | D:8      | Identified a scroll of acquirement
  5480 | D:8      | Acquired 1039 gold pieces
  5531 | D:8      | Found a flagged portal.
  5611 | D:8      | Found Qadomm's Antique Weapon Shoppe.
  5662 | Bailey   | Entered a bailey
  5788 | Bailey   | Noticed a two-headed ogre
  5801 | Bailey   | Killed a two-headed ogre
  5802 | Bailey   | Reached skill level 12 in Axes
  5802 | Bailey   | Reached XP level 11. HP: 19/83 MP: 4/14
  6179 | Bailey   | Gained mutation: You are weak. (Str -2) [potion of
                  | mutation]
  6179 | Bailey   | Gained mutation: Your body sometimes deteriorates upon
                  | taking damage. [potion of mutation]
  6179 | Bailey   | Gained mutation: You have a pair of small antennae on your
                  | head. [potion of mutation]
  6180 | Bailey   | Lost mutation: You are weak. (Str -2) [potion of mutation]
  6180 | Bailey   | Lost mutation: You have a pair of small antennae on your
                  | head. [potion of mutation]
  6180 | Bailey   | Gained mutation: You are agile. (Dex +4, Str/Int -1)
                  | [potion of mutation]
  6953 | D:9      | Reached skill level 5 in Armour
  7269 | D:9      | Noticed an obsidian statue
  8130 | D:10     | Entered Level 10 of the Dungeon
  8174 | D:10     | Found a runed translucent gate.
  8175 | D:10     | Found a runed translucent gate.
  8176 | D:10     | Found a runed translucent gate.
  8181 | D:10     | Noticed adelrune's ghost (journeyman CoHs)
  8221 | D:10     | Killed adelrune's ghost
  8222 | D:10     | Reached skill level 5 in Invocations
  8326 | D:10     | Found a staircase to the Orcish Mines.
  8495 | D:10     | Found a staircase to the Lair.
  8518 | D:10     | Noticed a deep elf pyromancer
  8525 | D:10     | Killed a deep elf pyromancer
  8526 | D:10     | Reached skill level 13 in Axes
  8550 | D:10     | Noticed a two-headed ogre
  8554 | D:10     | Killed a two-headed ogre
  8560 | D:10     | Noticed Erica
  8568 | D:10     | Killed Erica
  8571 | D:10     | Reached XP level 12. HP: 38/92 MP: 4/16
  9002 | D:11     | Reached ** piety under Yredelemnul
  9331 | Orc:1    | Entered Level 1 of the Orcish Mines
  9696 | Orc:1    | Noticed a two-headed ogre
  9696 | Orc:1    | Noticed a two-headed ogre
  9696 | Orc:1    | Noticed a two-headed ogre
  9703 | Orc:1    | Killed a two-headed ogre
  9705 | Orc:1    | Killed a two-headed ogre
  9708 | Orc:1    | Killed a two-headed ogre
  9709 | Orc:1    | Reached skill level 14 in Axes
  9981 | Orc:1    | Noticed a two-headed ogre
  9981 | Orc:1    | Noticed Erolcha
  9987 | Orc:1    | Noticed a two-headed ogre
  9987 | Orc:1    | Noticed a two-headed ogre
  9990 | Orc:1    | Killed a two-headed ogre
  9996 | Orc:1    | Killed a two-headed ogre
  9996 | Orc:1    | Reached *** piety under Yredelemnul
  9997 | Orc:1    | Killed a two-headed ogre
 10238 | Orc:1    | Killed Erolcha
 10400 | Orc:2    | Entered Level 2 of the Orcish Mines
 10461 | Orc:2    | Found Visupny's Weapon Boutique.
 10530 | Orc:2    | Noticed an orc high priest
 10540 | Orc:2    | Killed an orc high priest
 10541 | Orc:2    | Reached XP level 13. HP: 74/101 MP: 6/18
 10568 | Orc:2    | Found Bisus's Antique Armour Emporium.
 10573 | Orc:2    | Found Liupeh's Book Boutique.
 10573 | Orc:2    | Found a staircase to the Elven Halls.
 10578 | Orc:2    | Found Ysiloadd's Magic Scroll Shop.
 10596 | Orc:2    | Reached **** piety under Yredelemnul
 10790 | Orc:2    | Bought a scroll of identify for 34 gold pieces
 10790 | Orc:2    | Bought a scroll of fear for 68 gold pieces
 10790 | Orc:2    | Bought a scroll of blinking for 127 gold pieces
 10790 | Orc:2    | Bought a scroll of revelation for 127 gold pieces
 10880 | Orc:2    | Noticed an orc warlord
 10882 | Orc:2    | Found a roughly hewn altar of Beogh.
 10943 | Orc:1    | Found a shimmering altar of Xom.
 11610 | D:11     | Reached skill level 15 in Axes
 12607 | D:11     | Found a transporter.
 12616 | D:11     | Noticed Sirjeffry24's ghost (journeyman DsFi)
 12632 | D:11     | Found a transporter.
 13538 | D:12     | Found a shimmering blue altar of Sif Muna.
 14517 | D:13     | Reached skill level 10 in Fighting
 15550 | D:14     | Reached skill level 16 in Axes
 15550 | D:14     | Reached XP level 14. HP: 71/110 MP: 6/19
 15554 | D:14     | Acquired a recursive core {rF+ Will+ Clar RMsl}
 15984 | D:14     | Upgraded the game from 0.32-a0-571-gec57dfcd37 to
                  | 0.32-a0-576-g706899e69d
 16783 | D:14     | Found a gate to the Vaults.
 16804 | D:14     | Identified the +0 falchion "Beastbane" {flame, rF++}
 17475 | D:15     | Entered Level 15 of the Dungeon
 17535 | D:15     | Reached ***** piety under Yredelemnul
 17540 | D:15     | Reached skill level 17 in Axes
 18016 | D:15     | Found a transporter.
 18017 | D:15     | Found a white marble altar of Elyvilon.
 18039 | D:15     | Found a transporter.
 18269 | D:15     | Reached XP level 15. HP: 119/119 MP: 7/21
 18646 | D:15     | Found a staircase to the Depths.
 18693 | D:15     | Reached skill level 10 in Armour
 19806 | Lair:1   | Entered Level 1 of the Lair of Beasts
 19806 | Lair:1   | Noticed Sonja
 19810 | Lair:1   | Killed Sonja
 19818 | Lair:1   | Noticed Harold
 19824 | Lair:1   | Your ally Sonja died
 19828 | Lair:1   | Killed Harold
 19831 | Lair:1   | Noticed Amaemon
 19855 | Lair:1   | Killed Amaemon
 21085 | Lair:2   | Found a hole to the Spider Nest.
 21097 | Lair:2   | Reached skill level 18 in Axes
 22432 | Lair:3   | Found a staircase to the Swamp.
 23750 | Lair:5   | Entered Level 5 of the Lair of Beasts
 23789 | Lair:5   | Reached XP level 16. HP: 122/129 MP: 7/23
 23836 | Lair:5   | Reached skill level 10 in Invocations
 24052 | Lair:5   | Reached ****** piety under Yredelemnul
 24868 | Lair:5   | Found a runed translucent door.
 24868 | Lair:5   | Found a viscous altar of Jiyva.
 24868 | Lair:5   | Found a staircase to the Slime Pits.
 24868 | Lair:5   | Noticed an azure jelly
 24868 | Lair:5   | Noticed an azure jelly
 24979 | Lair:5   | Reached skill level 19 in Axes
 26174 | Orc:2    | Found Yracs's Assorted Antiques.
 26198 | Orc:2    | Found Haodop's General Store.
 26225 | Orc:2    | Bought a scroll of enchant weapon for 82 gold pieces
 26233 | Orc:2    | Found Doagh's Antique Weapon Emporium.
 26350 | Orc:2    | Found Ymumy's Jewellery Emporium.
 26365 | Orc:2    | Found Vek Tan's Antique Armour Emporium.
 26372 | Orc:2    | Bought a pair of glowing boots for 232 gold pieces
 26372 | Orc:2    | Bought a fine leather armour for 217 gold pieces
 26372 | Orc:2    | Identified the +1 leather armour of the Fiddle {+Inv Str+5
                  | Dex-3} (You bought it in a shop on level 2 of the Orcish
                  | Mines)
 26408 | Elf:1    | Entered Level 1 of the Elven Halls
 26660 | Swamp:1  | Entered Level 1 of the Swamp
 27269 | Swamp:1  | Noticed a thorn hunter
 27278 | Swamp:1  | Killed a thorn hunter
 27826 | Swamp:2  | Identified the +8 ring mail of Faetz {Harm MP+9 Dex-4 SInv}
 28635 | Swamp:3  | Reached XP level 17. HP: 115/137 MP: 25/25
 29038 | Swamp:3  | Noticed Nikola
 29043 | Swamp:3  | HP: 5/137 [Nikola/arc of chain lightning (119)]
 29446 | Spider:1 | Entered Level 1 of the Spider Nest
 31041 | Spider:2 | Reached skill level 20 in Axes
 31099 | Spider:2 | Identified the +0 cloak of the Sneaky Loafs {rF+ rC++
                  | Int+2}
 32398 | Spider:3 | Reached skill level 5 in Dodging
 32452 | Spider:3 | Found a glacial archway.
 32651 | IceCv    | Entered an ice cave
 32948 | IceCv    | Identified the +2 helmet of Hedge Wizardry {Dex+4}
 33112 | IceCv    | Noticed an Ice Fiend
 33119 | IceCv    | Killed an Ice Fiend
 33120 | IceCv    | Noticed an Ice Fiend
 33129 | IceCv    | Killed an Ice Fiend
 33365 | Spider:3 | Reached XP level 18. HP: 146/146 MP: 26/26
 33375 | Spider:3 | Identified the +2 robe "Lank" {Harm Str+6 Int-3 Stlth+}
 33911 | Spider:3 | Paralysed by a hornet for 3 turns
 34228 | Spider:4 | Entered Level 4 of the Spider Nest
 35455 | Swamp:3  | Noticed Mlioglotl
 36404 | Spider:4 | Got a gossamer rune of Zot
 36815 | Vaults:1 | Entered Level 1 of the Vaults
 37268 | Vaults:1 | Noticed Saint Roka
 37287 | Vaults:1 | Killed Saint Roka
 37287 | Vaults:1 | Bound Saint Roka
 37573 | Vaults:1 | Found a runed translucent door.
 37573 | Vaults:1 | Found a shimmering altar of Xom.
 37573 | Vaults:1 | Identified the +1 battleaxe of Suppagi {chaos, rF- rCorr
                  | Dex+4}
 37573 | Vaults:1 | Noticed Kevimi's ghost (adept FeNe)
 37615 | Vaults:1 | Killed Kevimi's ghost
 37883 | Vaults:1 | Reached skill level 15 in Fighting
 38007 | Vaults:1 | Got the Spellbook of Lava and Ectoplasm
 38044 | Vaults:1 | Paralysed by a formless jellyfish for 1 turns
 38342 | Vaults:1 | Identified the +3 robe of Good Intentions {rC+ Regen+}
 38342 | Vaults:1 | Noticed Boris
 38354 | Vaults:1 | Killed Boris
 38355 | Vaults:1 | Reached XP level 19. HP: 69/155 MP: 28/28
 40412 | Vaults:2 | HP: 5/155 [ironbound thunderhulk/bolt of lightning (57)]
 40440 | Vaults:2 | Your ally Saint Roka died
 40632 | Vaults:2 | Reached skill level 21 in Axes
 41204 | Vaults:2 | Reached skill level 15 in Armour
 42027 | Vaults:3 | Noticed a dread lich
 42334 | Vaults:3 | Reached XP level 20. HP: 158/164 MP: 29/29
 42481 | Vaults:3 | Found a flickering gateway to a bazaar.
 42501 | Vaults:3 | Killed a dread lich
 42511 | Bazaar   | Entered a bazaar
 42511 | Bazaar   | Found Wyciuqek's Magic Scroll Emporium.
 42511 | Bazaar   | Found Oropyb's Weapon Shop.
 42511 | Bazaar   | Found Gimol's Jewellery Shoppe.
 42513 | Bazaar   | Found Athrujiamp's Book Boutique.
 42513 | Bazaar   | Found Ciqirph's Jewellery Shoppe.
 42542 | Bazaar   | Bought a scroll of enchant armour for 45 gold pieces
 43289 | Vaults:3 | Found a staircase to the Crypt.
 44191 | Vaults:4 | Identified the +4 robe of Ippebbir {Int+4}
 44191 | Vaults:4 | Noticed Boris
 44204 | Vaults:4 | Killed Boris
 44325 | Vaults:4 | Paralysed by a formless jellyfish for 1 turns
 44542 | Vaults:4 | Noticed Mennas
 44562 | Vaults:4 | Killed Mennas
 45011 | Vaults:4 | Found Mauwapp's Antique Weapon Shop.
 45805 | Vaults:4 | Paralysed by a formless jellyfish for 1 turns
 46204 | Depths:1 | Entered Level 1 of the Depths
 46204 | Depths:1 | Noticed the Enchantress
 46205 | Depths:1 | Upgraded the game from 0.32-a0-576-g706899e69d to
                  | 0.32-a0-599-gba8f9cf90e
 46939 | Swamp:3  | Noticed Louise
 46949 | Swamp:3  | Killed Louise
 46970 | Swamp:3  | Killed Mlioglotl
 47337 | Swamp:3  | Reached XP level 21. HP: 172/172 MP: 31/31
 47471 | Swamp:3  | Killed Nikola
 47817 | Swamp:4  | Entered Level 4 of the Swamp
 48152 | Swamp:4  | Noticed Mara
 48171 | Swamp:4  | Noticed KennySheep's illusion
 48199 | Swamp:4  | Killed Mara
 48499 | Swamp:4  | Acquired the -1 helmet "Eguotel" {Rampage rPois Regen+
                  | Int+3}
 48516 | Swamp:4  | Found a runed translucent door.
 48516 | Swamp:4  | Noticed Okut Hesm's ghost (adept OnWr)
 48539 | Swamp:4  | Killed Okut Hesm's ghost
 48540 | Swamp:4  | Reached skill level 10 in Dodging
 48547 | Swamp:4  | Identified the +2 hand cannon "Gram" {flame, Int+4}
 48634 | Swamp:4  | Noticed the 27-headed Lernaean hydra
 48639 | Swamp:4  | Your ally Mara died
 48793 | Swamp:4  | Killed the 22-headed Lernaean hydra
 48793 | Swamp:4  | Bound the 22-headed Lernaean hydra
 48973 | Swamp:4  | Got a decaying rune of Zot
 49610 | Abyss:3  | Found a corrupted altar of Lugonu.
 49610 | Abyss:3  | Cast into level 3 of the Abyss (the Enchantress)
 49665 | Depths:1 | Escaped the Abyss
 49680 | Depths:1 | Your ally bound 27-headed Lernaean hydra died
 49877 | Depths:1 | Killed the Enchantress
 49895 | Depths:1 | Your ally Enchantress spriggan zombie died
 50319 | Depths:1 | Found Dioli's Antique Weapon Shoppe.
 50390 | Depths:1 | Reached skill level 22 in Axes
 50513 | Depths:1 | Found a gateway to Hell.
 50630 | Depths:1 | Found a one-way gate leading to the halls of Pandemonium.
 50636 | Depths:1 | Found Bevocveh's Serpentskin Sales.
 50927 | Depths:2 | Identified the +0 chain mail of the Beginning {rElec
                  | Stlth+}
 50950 | Depths:2 | Found a blossoming altar of Fedhas.
 50978 | Depths:2 | Noticed Sojobo
 51186 | Depths:2 | Found a one-way gateway to a ziggurat.
 51245 | Depths:2 | Paralysed by an air elemental for 1 turns
 51514 | Depths:2 | Identified the +3 robe of Devotion {rElec Str+4}
 51514 | Depths:2 | Noticed Boris
 51525 | Depths:2 | Reached XP level 22. HP: 96/181 MP: 32/32
 51526 | Depths:2 | Killed Boris
 51767 | Depths:4 | Entered Level 4 of the Depths
 52004 | Depths:3 | Found a white marble altar of Elyvilon.
 52392 | Depths:2 | Killed Sojobo
 52392 | Depths:2 | Bound Sojobo
 52924 | Depths:3 | Found a stormy altar of Qazlal.
 52935 | Depths:3 | Found a one-way gate to the infinite horrors of the Abyss.
 53189 | Depths:3 | Identified the +3 leather armour "Keenik" {Will- Dex+3}
 53192 | Depths:3 | Found an ornate altar of the Wu Jian Council.
 53270 | Depths:3 | Noticed a golden dragon
 53280 | Depths:3 | Killed a golden dragon
 53612 | Depths:3 | Found a glowing golden altar of the Shining One.
 53714 | Depths:3 | Identified the +12 morningstar of Lakli {heavy, Int+2
                  | Dex+5}
 53730 | Depths:3 | Identified the +7 trident of Lihaneap {venom, Will++ Str-4
                  | Dex+2}
 54397 | Elf:1    | Reached XP level 23. HP: 162/190 MP: 33/33
 54471 | Elf:1    | Found Tusoruoj's Assorted Antiques.
 54782 | Elf:1    | Got the Precepts of the Fault
 54848 | Elf:1    | Identified the +5 hand axe of a sewer {flame, Int+4 Dex-3}
 54874 | Elf:1    | Found a corrupted altar of Lugonu.
 54906 | Elf:1    | Found a roughly hewn altar of Beogh.
 55356 | Elf:2    | Paralysed by an air elemental for 1 turns
 55491 | Elf:2    | Noticed Zenata
 55492 | Elf:2    | Paralysed by an air elemental for 1 turns
 55501 | Elf:2    | Killed Zenata
 55769 | Elf:2    | Found a runed translucent gate.
 55769 | Elf:2    | Found a runed translucent gate.
 55769 | Elf:2    | Found a runed translucent gate.
 55792 | Elf:2    | Upgraded the game from 0.32-a0-599-gba8f9cf90e to
                  | 0.32-a0-841-g4648e6c457
 55793 | Elf:3    | Entered Level 3 of the Elven Halls
 55904 | Elf:3    | Noticed Bai Suzhen
 55918 | Elf:3    | Killed Bai Suzhen
 56538 | Elf:3    | Reached skill level 15 in Invocations
 57550 | Elf:3    | Reached skill level 23 in Axes
 57637 | Elf:3    | Your ally Sojobo died
 57649 | Elf:3    | Identified the +0 chain mail of Valour {^Contam rN+ Slay+3}
 57733 | Elf:3    | Identified the +0 plate armour "Enlath" {MP+9}
 57747 | Elf:3    | Identified the +0 ring mail of Solijere {rElec Slay+2}
 57754 | Elf:3    | Identified the +6 dagger of Strategic Superiority {spect,
                  | *Noise rElec Int+3 Dex+3}
 57765 | Elf:3    | Got the Vademecum on the Dimensional Xenolith
 58522 | Depths:4 | Found a runed translucent gate.
 58522 | Depths:4 | Found a runed translucent gate.
 58522 | Depths:4 | Found a runed translucent gate.
 58524 | Depths:4 | Found an opulent altar of Gozag.
 58525 | Depths:4 | Noticed an ancient lich
 58525 | Depths:4 | Noticed a golden dragon
 58526 | Depths:4 | Noticed Mafezacs's ghost (veteran DsAl)
 58543 | Depths:4 | Noticed a caustic shrike
 58547 | Depths:4 | Killed a caustic shrike
 58563 | Depths:4 | Reached XP level 24. HP: 179/199 MP: 34/34
 58836 | Depths:4 | Found a gate to the Realm of Zot.
 59248 | Depths:4 | Identified the ring of Mot Ezowuo {*Corrode rElec MP+9
                  | Str+6 Stlth+}
 61258 | Crypt:1  | Entered Level 1 of the Crypt
 61644 | Crypt:1  | Noticed Donald
 61656 | Crypt:1  | Killed Donald
 62406 | D:11     | Killed Sirjeffry24's ghost
 62411 | D:11     | Identified the ring of Uwnaesec {Fly MP+9 Int+6}
 62802 | Crypt:2  | Found a basalt altar of Yredelemnul.
 63092 | Crypt:2  | Reached XP level 25. HP: 208/208 MP: 11/34
 63240 | Crypt:3  | Entered Level 3 of the Crypt
 63553 | Crypt:3  | Found a staircase to the Tomb.
 63789 | Crypt:3  | Found an ancient bone altar of Kikubaaqudgha.
 64003 | Crypt:3  | Noticed a dread lich
 64005 | Crypt:3  | Identified the ring of the Imp {rN++ Will++ Str-3 SInv}
 64005 | Crypt:3  | Identified the amulet "Heafops" {Reflect Regen+ Str+3 SH+5}
 64005 | Crypt:3  | Identified the ring "Ysaosm" {Fire +Blink rN++ Int+4}
 64017 | Crypt:3  | Killed a dread lich
 64032 | Crypt:3  | Got the Anthology of Last Rites
 65003 | Vaults:5 | Entered Level 5 of the Vaults
 65009 | Vaults:5 | Noticed a dread lich
 65038 | Vaults:5 | Paralysed by something for 4 turns
 65044 | Vaults:5 | Reached skill level 24 in Axes
 65280 | Vaults:5 | Upgraded the game from 0.32-a0-841-g4648e6c457 to
                  | 0.32-a0-859-gb0a091d592
 65381 | Vaults:5 | Identified the +4 orcbow of Salt {freeze, Will- rCorr
                  | Dex+9}
 65410 | Vaults:5 | Killed a dread lich
 65437 | Vaults:5 | Identified the +14 chain mail "Unu Qaroqo" {Rampage rF+
                  | Int+4 Stlth+}
 65469 | Vaults:5 | Reached XP level 26. HP: 205/215 MP: 11/35
 65718 | Vaults:5 | Got a silver rune of Zot
 65904 | Vaults:5 | Reached skill level 1 in Evocations
 66005 | Vaults:5 | Identified the +5 hand axe of the Wolf {holy, Str+2 Int+5}
 66114 | Vaults:5 | Identified the +1 spear "Dragon's Tongue" {freeze, Int+4}
 66945 | Zot:1    | Entered Level 1 of the Realm of Zot
 67895 | Zot:2    | Noticed a Killer Klown
 67901 | Zot:2    | Killed a Killer Klown
 68583 | Zot:3    | Reached skill level 5 in Evocations
 69077 | Zot:3    | Found a transporter.
 69252 | Zot:3    | Found a transporter.
 69263 | Zot:3    | Found a transporter.
 69518 | Zot:3    | Found a transporter.
 69565 | Zot:4    | Noticed Vv
 69587 | Zot:3    | Killed Vv
 69594 | Zot:4    | Reached skill level 15 in Dodging
 69889 | Zot:4    | Reached XP level 27. HP: 226/226 MP: 11/35
 70143 | Zot:4    | Found the +4 dragonskin cloak {Aegis}
 70143 | Zot:4    | Noticed Tiamat
 70167 | Zot:4    | Killed Tiamat
 70167 | Zot:4    | Bound Tiamat
 70597 | Zot:5    | Entered Level 5 of the Realm of Zot
 71198 | Zot:5    | Noticed a dread lich
 71198 | Zot:5    | Noticed an ancient lich
 71203 | Zot:5    | Noticed an orb of fire
 71210 | Zot:5    | Killed an ancient lich
 71213 | Zot:5    | Gained mutation: Your body often deteriorates upon taking
                  | damage. [an orb of fire]
 71215 | Zot:5    | Killed an orb of fire
 71217 | Zot:5    | Killed a dread lich
 71296 | Zot:5    | Killed an ancient lich
 71445 | Zot:5    | Reached skill level 25 in Axes
 71553 | Zot:5    | Noticed a dread lich
 71561 | Zot:5    | Got the Orb of Zot
 71562 | Zot:5    | Noticed an orb of fire
 71700 | Depths:2 | Noticed Ecogheag the pandemonium lord
 72000 | D:$      | Escaped with the Orb!

Illustrated notes

Levels and vault maps discovered:
D:1:      minmay_arrival_hallway, layout_loops_corners
D:2:      layout_loops_ring, hellmonk_ecumenical_altar_arch_garden,
          minmay_misc_feat_tower
D:3:      layout_basic, serial_shops, nicolae_shop_tiny_glass
D:4:      layout_rooms, mainiacjoe_overflow_large_starburst,
          gammafunk_ghost_cemetery, uniq_natasha
D:5:      layout_loops_ring, minmay_temple_entry_purple_smoke,
          gammafunk_ghost_split, grunt_ministairs_11
D:6:      layout_loops_ring, grunt_dithmenos_shadows,
          eat_drink_and_be_merry_uskayaw, uniq_duvessa
D:7:      minmay_the_grid_four_pointed_star
          [minmay_the_grid_triangle_9x9_shrine,
          minmay_the_grid_triangle_9x9_longest,
          minmay_the_grid_triangle_9x9_minimal,
          minmay_the_grid_triangle_9x9_tough_junction,
          minmay_the_grid_prize_shrinking_boxes], layout_basic, serial_curves,
          eino_curves_02, eino_curves_03, minmay_gold_behind_fungi,
          minmay_misc_feat_more_columns, uniq_jeremiah
D:8:      layout_basic, serial_shops, nicolae_shop_advertising_works
          [nicolae_subvault_shop_adworks], enter_bailey_5,
          nicolae_figureground_sparkle
D:9:      minmay_separated_statues, layout_loops_corners
D:10:     layout_cave_pools, dpeg_oklobed_lair, gammafunk_ghost_spectres,
          chequers_serial_rivers_large_b, small_chamber_with_monster,
          dk_rats_in_the_wall, uniq_erica
D:11:     layout_rooms, gammafunk_ghost_stat_death
D:12:     layout_stronghold, led_sif_pool
D:13:     layout_basic
D:14:     kennysheep_scales, layout_irregular_city, grunt_vaults_entry_tiered,
          minmay_misc_feat_four_crosses
D:15:     grunt_enter_depths_magical_seal, layout_layer_cave, elyvilon_altar_4
Lair:1:   layout_gridlike, small_statue_intersection, infiniplex_staircase_pool,
          uniq_amaemon, uniq_sonja, uniq_harold
Lair:2:   layout_loops_ring, nicolae_spider_entry_lesser_pyramids,
          nicolae_quartered_pool_medium, forest_entry_grove
Lair:3:   layout_regular_city, minmay_swamp_entry_swarm
Lair:4:   layout_cave_pods
Lair:5:   minmay_lair_end_enchanted_forest, layout_loops_ring, slime_entry_2,
          grunt_megastairs_4, lemuel_fruit_tree, serial_bayou_shore_a
Swamp:1:  layout_falls_marsh, serial_swamp_ruin, evilmike_swamp_ruin_rubble_2,
          evilmike_swamp_ruin_house_6, evilmike_swamp_ruin_house_5,
          swamp_pool_4, infiniplex_staircase_pool_2
Swamp:2:  layout_basic_swamp, hangedman_swamp_lotus
Swamp:3:  layout_falls_marsh, nicolae_swamp_very_dense_foliage, swamp_pool_5,
          uniq_mlioglotl, uniq_louise, uniq_nikola
Swamp:4:  swamp_old_school, layout_basic_swamp, ebering_ghost_reflecting_pool,
          uniq_mara
Spider:1: layout_spider_delve
Spider:2: layout_cave_pods
Spider:3: layout_spider_delve, portal_ice_cave_entry_ugly_swarm,
          lemuel_hornet_nest
Spider:4: spider_rune_water
Orc:1:    lemuel_ogre_cave, layout_caves, basic_altar, serial_shops
Orc:2:    grunt_orc_cross, layout_caves, serial_shops, nicolae_shop_crystal,
          nicolae_shop_trees, shop, shop, nicolae_diamond_shop
Elf:1:    eino_elf_arrival_shootout, layout_gridlike, serial_shops, shop,
          nicolae_elf_shapeshifter_party, nicolae_elf_theology_debate
Elf:2:    elven_hall_of_blades_hangedman_original [mumra_blade_entry_dagger],
          layout_onion_city, serial_glass, glass_columns_a, glass_columns_a,
          uniq_zenata
Elf:3:    minmay_elf_hall_dome, layout_gridlike, uniq_bai_suzhen
Vaults:1: ebering_ghost_xom, nicolae_vaults_arrows,
          nicolae_vaults_storage_room_glass, nicolae_vaults_tetromino_T_2,
          v_rooms_4, nicolae_vaults_mitosis, vaults_room_pools,
          nicolae_vaults_little_squares_3, vaults_room_corners,
          vaults_room_pools, layout_vaults_chaotic_city, uniq_boris,
          uniq_saint_roka
Vaults:2: hangedman_vaults_stream, v_misc_17,
          nicolae_vaults_trapezoid_lopsided_4, grunt_vaults_twisty,
          nicolae_vaults_variable_pillar_hall_cross,
          nicolae_vaults_circle_grid_b, nicolae_vaults_little_squares_6,
          ontoclasm_vaults_ring_large, v_misc_28,
          nicolae_vaults_trapezoid_layered, nicolae_vaults_six-pack,
          vaults_standard_mumra_enter_the_diamond, vaults_room_stairs_pillars,
          ontoclasm_vaults_fault, nicolae_vaults_rhombus_5, v_rooms_1,
          layout_vaults_maze_snakey
Vaults:3: minmay_crypt_entry_simple_walls, nicolae_vaults_wine_cellar,
          hangedman_vaults_restitches, nicolae_vaults_windows_and_doors_thing,
          grunt_vaults_focal, v_misc_10, hangedman_vaults_unwind,
          hangedman_vaults_locks, vaults_mumra_chevron,
          vaults_room_stairs_pillars, v_misc_19, layout_vaults_omnicross,
          serial_shops, bzr_entry_customers
Vaults:4: grunt_vaults_hallway_long, hangedman_vaults_capsules,
          nicolae_vaults_trapezoid_1, nicolae_vaults_tetromino_Z_2,
          nicolae_vaults_diamond_2, nicolae_vaults_closet_pinwheel_6,
          nicolae_vaults_library_corner, layout_vaults_omnigrid, serial_shops,
          shop, uniq_mennas
Vaults:5
Crypt:1:  layout_gridlike, nicolae_crypt_knight_watch, uniq_donald
Crypt:2:  layout_rooms, basic_altar
Crypt:3:  evilmike_haunted_forest
Depths:1: layout_gridlike, nicolae_titane, serial_shops, shop_fountains,
          hellmouth_3, pan_entry, hangedman_decor_lopped, guppyfry_shop_venom,
          serial_bayou_shore_b, uniq_enchantress
Depths:2: minmay_ambush_box, layout_honeycomb, enter_ziggurat_b,
          rand_demon_pan_entry_7, serial_sigils_hangedman_shear,
          grunt_hell_entry_dis_old, dreamdust_wishing_well,
          fedhas_altar_fruit_tree, uniq_sojobo
Depths:3: grunt_profane_halls [grunt_profane_loot, grunt_profane_temple_geh,
          grunt_profane_temple_coc, grunt_profane_temple_tar,
          grunt_profane_temple_dis], hell_entry, abyss_entry
Depths:4: lemuel_castle_with_subvaults [lemuel_castle_interior_carwin_2],
          layout_gridlike, ebering_ghost_gozag, hangedman_abyss_entry_splay,
          hell_entry, chequers_big_river, kb_rosetta
Zot:1:    layout_onion_interference, bh_zot_levy_curve
Zot:2:    layout_gridville, regret_index_zotdec_onion_hex
Zot:3:    layout_cathedral_of_symmetry, nicolae_transporter_intersection
Zot:4:    layout_onion, bh_zot_lava_cross, grunt_megastairs_2, uniq_tiamat,
          uniq_vv
Zot:5:    layout_cellular_growth

Skill      XL: |  1  2  3  4  5  6  7  8  9 10 11 12 13 14 15 16 17 18 19 20 21 22 23 24 25 26 27 |
---------------+----------------------------------------------------------------------------------+-----
Stealth        | 1 2 3 |  3.1
Dodging        | 2 3 5 7 8 9 10 11 12 13 14 15 | 15.6
Ranged Weapons | 4 |  4.8
Fighting       | 3 5 6 7 9 10 11 12 13 14 15 16 17 18 19 20 21 | 21.1
Axes           | 5 8 10 12 13 14 16 17 18 19 20 21 22 23 24 25 | 25.0
Armour         | 2 4 5 7 8 9 10 11 12 14 15 16 17 18 19 20 21 22 23 | 23.5
Invocations    | 2 4 5 6 7 9 10 11 12 13 14 15 16 17 | 17.4
Evocations     | 6 9 |  9.3

Action                     |  1- 3 |  4- 6 |  7- 9 | 10-12 | 13-15 | 16-18 | 19-21 | 22-24 | 25-27 || total
---------------------------+-------+-------+-------+-------+-------+-------+-------+-------+-------++-------
  Melee: War axe           |       |     5 |    80 |   547 |  1253 |   873 |   881 |  1029 |  1221 ||  5889
         Hand axe          |       |     4 |    70 |    26 |       |       |       |       |       ||   100
         Broad axe         |       |       |       |       |       |   740 |   890 |  1053 |  1246 ||  3929
         Battleaxe         |       |       |       |       |       |       |   150 |       |       ||   150
   Fire: Sling             |   160 |   176 |       |       |       |       |       |       |       ||   336
 Invoke: Light the Black T |       |       |       |     6 |     8 |     8 |     6 |     5 |     3 ||    36
         Hurl Torchlight   |       |       |       |       |     4 |       |     3 |     1 |       ||     8
         Fathomless Shackl |       |       |       |       |       |     1 |     1 |       |     1 ||     3
         Bind Soul         |       |       |       |       |       |     1 |     3 |     1 |     2 ||     7
         Recall Undead Har |       |       |       |       |       |       |     4 |     4 |     1 ||     9
Ability: Invent Gizmo      |       |       |       |       |     1 |       |       |       |       ||     1
  Evoke: Wand              |       |       |       |     1 |    12 |    20 |     4 |       |       ||    37
         Phantom mirror    |       |       |       |       |       |       |     1 |       |       ||     1
         Condenser vane    |       |       |       |       |       |       |       |     1 |       ||     1
    Use: Scroll            |       |     4 |     5 |     5 |    16 |    21 |    16 |    11 |    11 ||    89
         Potion            |       |       |     4 |     3 |     3 |     1 |     8 |     2 |     6 ||    27
   Stab: Sleeping          |       |     2 |    18 |    12 |    42 |    16 |       |       |       ||    90
         Distracted        |       |       |     1 |     3 |    19 |    30 |    24 |    45 |    31 ||   153
         Fleeing           |       |       |       |       |     1 |       |     2 |       |       ||     3
         Petrified         |       |       |       |       |     2 |       |       |       |       ||     2
         Held in net/web   |       |       |       |       |       |     4 |       |       |       ||     4
         Paralysed         |       |       |       |       |       |       |       |    24 |       ||    24
 Armour: Leather armour    |    11 |    23 |    33 |   160 |   534 |   384 |       |       |       ||  1145
         Ring mail         |       |     3 |       |       |       |       |       |       |       ||     3
         Crystal plate arm |       |       |       |       |       |   523 |  1377 |  1292 |  1538 ||  4730
  Dodge: Dodged            |    13 |    40 |    41 |   197 |   410 |   471 |   331 |   412 |   572 ||  2487
         Repelled          |       |       |       |       |    27 |    15 |    49 |   101 |    93 ||   285

Table legend: (Time is in decaauts)
 A = Elapsed time spent in this place.
 B = Non-inter-level travel time spent in this place.
 C = Inter-level travel time spent in this place.
 D = Time resting spent in this place.
 E = Time spent auto-exploring this place.
 F = Levels seen in this place.
 G = Mean time per level.
                   A        B        C        D        E       F      G
               +--------+--------+--------+--------+--------+-----+--------+
         Total |  71136 |  64203 |   6933 |  13975 |  37127 |  54 | 1317.3 |
       Dungeon |  18460 |  16194 |   2266 |   3160 |  10300 |  15 | 1230.7 |
          Lair |   6228 |   5450 |    778 |    322 |   4017 |   5 | 1245.6 |
         Swamp |   5944 |   5559 |    385 |   1834 |   2679 |   4 | 1486.0 |
   Spider Nest |   6235 |   5598 |    637 |   1666 |   3065 |   4 | 1558.8 |
  Orcish Mines |   3572 |   3180 |    392 |   1343 |   1210 |   2 | 1786.0 |
   Elven Halls |   3585 |   3436 |    149 |    651 |   1965 |   3 | 1195.0 |
        Vaults |  11636 |  10184 |   1452 |   2672 |   5659 |   5 | 2327.2 |
         Crypt |   3045 |   2893 |    152 |    351 |   1685 |   3 | 1015.0 |
        Depths |   6571 |   5962 |    609 |    740 |   3505 |   4 | 1642.8 |
           Zot |   4582 |   4472 |    110 |    592 |   2928 |   5 |  916.4 |
         Abyss |     54 |     54 |      0 |     40 |      0 |   1 |   54.0 |
        Bazaar |     54 |     54 |      0 |      0 |      0 |   1 |   54.0 |
        Bailey |    533 |    533 |      0 |    282 |     90 |   1 |  533.0 |
      Ice Cave |    630 |    630 |      0 |    320 |     20 |   1 |  630.0 |
               +--------+--------+--------+--------+--------+-----+--------+

Top non-repeatable levels by time:
Vaults:2: 3054 daAuts
Vaults:1: 2947 daAuts
    D:14: 2372 daAuts
   Orc:1: 2325 daAuts
Vaults:3: 2142 daAuts
    D:15: 2055 daAuts
Vaults:4: 1949 daAuts
 Swamp:3: 1944 daAuts
Depths:3: 1902 daAuts
   Elf:3: 1877 daAuts
    D:10: 1840 daAuts
    D:12: 1793 daAuts
Depths:4: 1741 daAuts
Spider:4: 1728 daAuts
  Lair:5: 1696 daAuts
